 Dungeon Crawl Stone Soup version 0.29-a0-344-ge2f44be95a (webtiles) character file.

Game seed: 12148631173029429321

1222 Shayle the Sneak (level 8, 0/51 HPs)
             Began as a Tengu Brigand on Apr 21, 2022.
             Slain by a troll (8 damage)
             ... on level 5 of the Dungeon.
             The game lasted 00:12:20 (5290 turns).

Shayle the Sneak (Tengu Brigand)                    Turns: 5290, Time: 00:12:21

Health: 0/51       AC: 12    Str: 12    XL:     8   Next: 47%
Magic:  9/9        EV: 13    Int: 14    God:
Gold:   207        SH:  0    Dex: 15    Spells: 7/7 levels left

rFire   . . .      SeeInvis .   e - +5 scythe (vamp)
rCold   . . .      Faith    .   (shield currently unavailable)
rNeg    . . .      Spirit   .   y - +4 scale mail
rPois   .          Reflect  .   (helmet restricted)
rElec   .          Harm     .   c - +0 cloak
rCorr   .          Rampage  .   o - +0 pair of gloves
Will    +....                   (boots unavailable)
Stlth   ++........              (no amulet)
HPRegen 0.17/turn               p - ring of willpower
MPRegen 0.11/turn               (no ring)

@: flying quickly and evasively, quick
A: beak, talons 3, nimble flight
a: no special abilities


You were on level 5 of the Dungeon.
You visited 1 branch of the dungeon, and saw 5 of its levels.

You collected 207 gold pieces.

Inventory:

Hand Weapons
 a - a +2 dagger
 e - a +5 vampiric scythe (weapon)
 q - a +0 scimitar
Missiles
 d - 7 poisoned darts (quivered)
 E - a curare-tipped dart
Armour
 b - a +0 robe
 c - a +0 cloak (worn)
 o - a +0 pair of gloves (worn)
 r - a +0 ring mail
 y - a +4 scale mail (worn)
Jewellery
 p - a ring of willpower (left hand)
Scrolls
 g - 2 scrolls of immolation {unknown}
 h - 4 scrolls of identify {unknown}
 i - a scroll of holy word {unknown}
 k - a scroll of enchant armour {unknown}
 l - a scroll of teleportation {unknown}
 m - a scroll of silence {unknown}
 s - a scroll of acquirement {unknown}
 t - a scroll of amnesia {unknown}
 v - a scroll of fear {unknown}
 x - a scroll of torment {unknown}
Potions
 f - 4 potions of heal wounds {unknown}
 j - a potion of resistance {unknown}
 n - 2 potions of ambrosia {unknown}
 u - a potion of magic {unknown}
 w - a potion of mutation {unknown}
 z - a potion of might {unknown}
 A - 2 potions of haste
 B - 2 potions of berserk rage {unknown}
 C - a potion of degeneration {unknown}
 D - a potion of curing
 F - a potion of lignification {unknown}


   Skills:
 + Level 6.0 Fighting
 - Level 2.1 Short Blades
 - Level 2.0 Throwing
 + Level 6.2 Dodging
 + Level 7.4 Stealth


You had 7 spell levels left.
You didn't know any spells.
Your spell library contained the following spells:

 Spells                   Type           Power      Damage    Failure   Level
 Corpse Rot               Necr/Air       0%         N/A       94%         2
 Dispel Undead            Necr           0%         3d6       100%        4
 Hailstorm                Conj/Ice       0%         3d3       100%        4
 Ice Form                 Ice/Tmut       0%         N/A       100%        4
 Death Channel            Necr           0%         N/A       100%        6
 Simulacrum               Ice/Necr       0%         N/A       100%        6


Dungeon Overview and Level Annotations

Branches:
Dungeon (5/15)
 Temple: D:4-7

Altars:
Hepliaklqana
Ru
Trog
Uskayaw
Zin

Shops:
D:3 (   D:4 (

Annotations:
D:3 2 transporters, spaghetti's ghost, weakling DgWn


Innate Abilities, Weirdness & Mutations

You have a beak for a mouth.
You have claws for feet.
Your magical nature lets you fly swiftly and evasively.


Message History

The troll is moderately wounded.
Throw: 9 darts (poison)
Press: ? - help, Q - select action, (/) - cycle Shift-Dir - straight line, f/p - troll
Aim: a troll (lightly wounded, very poisoned, slow, 63% to hit)
You throw a poisoned dart. The poisoned dart hits the troll.
The troll looks even sicker.
The troll is lightly wounded.
Throw: 8 darts (poison)
Press: ? - help, Q - select action, (/) - cycle Shift-Dir - straight line, f/p - troll
Aim: a troll (lightly wounded, very poisoned, slow, 63% to hit)
You throw a poisoned dart. The poisoned dart hits the troll.
The troll looks as sick as possible!
The troll is lightly wounded.
Reach: e) +5 scythe (vamp)
Press: ? - help, Dir - move target, f - you, p - troll
Okay, then.
The troll is no longer moving slowly.
Reach: e) +5 scythe (vamp)
Press: ? - help, Dir - move target, f/p - troll
Aim: a troll (moderately wounded, very poisoned, about 40% to evade your +5 vampiric scythe)
You reach to attack!
You slash the troll!
The troll is moderately wounded.
The troll bites you! The troll claws you! x2
You slash the troll! Your kick misses the troll.
The troll is severely wounded.
The troll closely misses you. x2; The troll barely misses you.
The troll bites you but does no damage. The troll barely misses you. x2
Unknown command.
You slash the troll!
You feel better.
The troll is almost dead.
The troll bites you! The troll misses you. The troll claws you!
The troll bites you but does no damage. The troll claws you. x2
* * * LOW HITPOINT WARNING * * *
Unknown command.
You closely miss the troll. You claw the troll.
The troll is almost dead.
The troll barely misses you. The troll claws you.
* * * LOW HITPOINT WARNING * * *
The troll claws you!
You die...

...#.# #=# #.......
...#.####.# #.......
...#....#.# #.......
.######.#)# ####### #..... .#
#.#.### #.....# #.... .#
#.#.#[. #.....# #..## .#
#.#.#.. #.....###...# .#
#.#.#..##.....#.....##.#
.######.#.#..#..@..........#.#
÷.....#.#.#..#.##T.......#.#.#
.####.#.#.#..#.##........#.#.#
....#.#.# #....<#......###<..#
###†#)#.# ##.#.##......# #...#
#.#<#)#.# ...#.##......# #...#
#...#.#.######.##.#.#### #...#
#####.#........##.#.# ###..>#
......###########(#.####...#.#


You could see a troll (poisoned).

Vanquished Creatures
  Sigmund (D:4)
  A black bear (D:5)
  2 ogres (D:5)
  2 phantoms
  A necrophage (D:4)
  3 scorpions (D:5)
  2 orc priests (D:5)
  A hound (D:5)
  3 orc wizards (D:5)
  3 gnolls (D:4)
  14 adders
  A shadow imp (D:5)
  2 dart slugs
  13 orcs
  8 endoplasms
  4 giant cockroaches (D:1)
  3 hobgoblins
  11 jackals
  2 quokkas
  9 ball pythons
  6 bats
  6 frilled lizards
  9 goblins
  13 kobolds
  6 rats
126 creatures vanquished.

Notes
Turn   | Place    | Note
-------+----------+-------------------------------------------
     0 | D:1      | Shayle the Tengu Brigand began the quest for the Orb.
     0 | D:1      | Reached XP level 1. HP: 12/12 MP: 2/2
     9 | D:1      | Found a faded altar of an unknown god.
   106 | D:1      | Reached XP level 2. HP: 17/17 MP: 3/3
   467 | D:1      | Reached XP level 3. HP: 22/22 MP: 4/4
  1130 | D:2      | Reached XP level 4. HP: 21/27 MP: 5/5
  1549 | D:2      | Found a hazy altar of Hepliaklqana.
  2161 | D:3      | Gained mutation: Your magical nature lets you fly swiftly
                  | and evasively. [Tengu growth]
  2161 | D:3      | Reached XP level 5. HP: 26/32 MP: 6/6
  2162 | D:3      | Reached skill level 5 in Stealth
  2322 | D:3      | Found a bloodstained altar of Trog.
  2322 | D:3      | Found a sacrificial altar of Ru.
  2323 | D:3      | Found a hide-covered altar of Uskayaw.
  2336 | D:3      | Found a glowing silver altar of Zin.
  2432 | D:3      | Found Ficzy's Weapon Emporium.
  2548 | D:3      | Found a transporter.
  2548 | D:3      | Noticed spaghetti's ghost (weakling DgWn)
  2919 | D:3      | Found a transporter.
  3070 | D:4      | Noticed Sigmund
  3263 | D:4      | Killed Sigmund
  3264 | D:4      | Reached XP level 6. HP: 38/38 MP: 7/7
  3425 | D:4      | Found Nodghin's Antique Weapon Shoppe.
  3634 | D:4      | Reached skill level 6 in Stealth
  3634 | D:4      | Reached XP level 7. HP: 28/44 MP: 8/8
  4233 | D:5      | Entered Level 5 of the Dungeon
  4613 | D:5      | Reached skill level 5 in Fighting
  4613 | D:5      | Reached skill level 5 in Dodging
  4695 | D:5      | Reached XP level 8. HP: 15/49 MP: 9/9
  4966 | D:5      | Reached skill level 7 in Stealth
  5274 | D:5      | Noticed a troll
  5290 | D:5      | Slain by a troll

Illustrated notes

Levels and vault maps discovered:
D:1:      heliophobic_arrival_battle_scene, layout_basic,
          ebering_ecumenical_altar_ruins
D:2:      layout_basic, basic_altar
D:3:      layout_basic, nicolae_overflow_quartered_altars,
          gammafunk_ghost_mausoleum, serial_shops,
          nicolae_shop_temple_entry_statues_fountains
D:4:      layout_loops_cross, serial_shops, shop, minmay_misc_feat_iff,
          small_statue_intersection, grunt_decor_clamped,
          hangedman_feature_mirror, kennysheep_generic_room_3, uniq_sigmund
D:5:      layout_basic, dk_vineyard_1, minmay_bent

Skill      XL: |  1  2  3  4  5  6  7  8 |
---------------+-------------------------+-----
Dodging        | 2 3 4 5 6 |  6.2
Fighting       | 3 4 5 6 |  6.0
Stealth        | 5 6 7 |  7.4
Short Blades   | |  2.1
Throwing       | |  2.0

Action                   |  1- 3 |  4- 6 |  7- 9 || total
-------------------------+-------+-------+-------++-------
Melee: Dagger            |    82 |    34 |       ||   116
       Peck              |    14 |    12 |    12 ||    38
       Kick              |    11 |    25 |    15 ||    51
       Scimitar          |       |    43 |       ||    43
       Scythe            |       |    31 |    85 ||   116
Throw: Dart              |       |     7 |    13 ||    20
  Use: Potion            |     1 |       |       ||     1
 Stab: Sleeping          |     5 |     4 |     2 ||    11
       Distracted        |     1 |       |       ||     1
Armor: Robe              |    17 |     3 |       ||    20
       Ring mail         |       |    42 |     4 ||    46
       Scale mail        |       |       |    41 ||    41
Dodge: Dodged            |    49 |   104 |    70 ||   223

Table legend: (Time is in decaauts)
 A = Elapsed time spent in this place.
 B = Non-inter-level travel time spent in this place.
 C = Inter-level travel time spent in this place.
 D = Time resting spent in this place.
 E = Time spent auto-exploring this place.
 F = Levels seen in this place.
 G = Mean time per level.
                   A        B        C        D        E       F      G
               +--------+--------+--------+--------+--------+-----+--------+
         Total |   5204 |   5035 |    169 |    713 |   2868 |   5 | 1040.8 |
       Dungeon |   5204 |   5035 |    169 |    713 |   2868 |   5 | 1040.8 |
               +--------+--------+--------+--------+--------+-----+--------+

Top non-repeatable levels by time:
     D:4: 1146 daAuts
     D:2: 1106 daAuts
     D:1: 1001 daAuts
     D:3: 989 daAuts
     D:5: 960 daAuts
